UAA
ATLANTIC CITY SONICS @ MYRTLE BEACH MERMEN
05/23/2018
 
TOP OF THE 1ST
Atlantic City Sonics batting - Pitching for Myrtle Beach Mermen : RHP Steve Sanders
Pitching: RHP Steve Sanders
Batting: RHB Michael Bucknell 0-0: Foul Ball, location: 2F
0-1: SINGLE (Groundball, 34D)
Batting: RHB Ethan Stanford 0-0: Foul Ball, location: 2F
0-1: Ball
1-1: Ball
2-1: Called Strike
2-2: Ball
3-2: Strikes out swinging
Batting: RHB Joe Smith 0-0: Ball
1-0: Ball
Michael Bucknell steals 2nd base
2-0: Called Strike
2-1: Ball
3-1: SINGLE (Line Drive, 8RS)
Michael Bucknell to third
Runner from 3rd tries for Home, SAFE, no throw or cutoff
Batting: RHB Thomas Campbell 0-0: Called Strike
0-1: Foul Ball, location: 2F
0-2: Ball
1-2: SINGLE (Line Drive, 6D)
Joe Smith to second
Batting: RHB Jason Duncan 0-0: Ball
1-0: Called Strike
1-1: Fly out, F8 (Flyball, 8RD)
Runner from 2nd tags up, SAFE at 3rd, no throw
Batting: RHB Chris Henderson 0-0: Called Strike
0-1: Ball
1-1: Swinging Strike
1-2: Ball
2-2: Foul Ball, location: 2F
2-2: Ball
3-2: Base on Balls
Thomas Campbell to second
Batting: RHB Bob Ethridge 0-0: Ball
1-0: Ball
2-0: Ground out 1-3 (Groundball, 13)
Top of the 1st over - 1 run(s), 3 hit(s), 0 error(s), 3 left on base; Atlantic City 1 - Myrtle Beach 0
BOTTOM OF THE 1ST
Myrtle Beach Mermen batting - Pitching for Atlantic City Sonics : RHP Pedro Cervantes
Pitching: RHP Pedro Cervantes
Batting: RHB José Caballero 0-0: Foul Ball, location: 2F
0-1: Called Strike
0-2: Ball
1-2: Ball
2-2: Foul Ball, location: 2F
2-2: Foul Ball, location: 2F
2-2: Foul Ball, location: 2F
2-2: Foul Ball, location: 2F
2-2: Strikes out looking
Batting: RHB Mike Fleming 0-0: Called Strike
0-1: Swinging Strike
0-2: Strikes out swinging
Batting: RHB Álex Rodríguez 0-0: Called Strike
0-1: Swinging Strike
0-2: Ball
1-2: Ball
2-2: Ground out 5-3 (Groundball, 56)
Bottom of the 1st over - 0 run(s), 0 hit(s), 0 error(s), 0 left on base; Atlantic City 1 - Myrtle Beach 0
TOP OF THE 2ND
Atlantic City Sonics batting - Pitching for Myrtle Beach Mermen : RHP Steve Sanders
Batting: RHB Marty Hayden 0-0: Ball
1-0: SINGLE (Groundball, 6M)
Batting: RHB Robbie Chambers 0-0: Ball
1-0: Called Strike
1-1: Fly out, F7 (Flyball, 7M)
Batting: RHB Michael Bucknell 0-0: Grounds into double play, 6-4-3 (Groundball, 6)
Top of the 2nd over - 0 run(s), 1 hit(s), 0 error(s), 0 left on base; Atlantic City 1 - Myrtle Beach 0
BOTTOM OF THE 2ND
Myrtle Beach Mermen batting - Pitching for Atlantic City Sonics : RHP Pedro Cervantes
Batting: RHB Sal Haynes 0-0: Ball
1-0: DOUBLE (Line Drive, 8LM)
Batting: SHB Avery Little 0-0: Ball
1-0: Called Strike
1-1: Foul Ball, location: 2F
1-2: Foul Ball, location: 2F
1-2: Strikes out swinging
Batting: RHB Jeff Minter 0-0: Fly out, F8 (Line Drive, 8RM)
Batting: LHB Eddie Flynn 0-0: Ball
1-0: Ground out 3-1 (Groundball, 34)
Bottom of the 2nd over - 0 run(s), 1 hit(s), 0 error(s), 1 left on base; Atlantic City 1 - Myrtle Beach 0
TOP OF THE 3RD
Atlantic City Sonics batting - Pitching for Myrtle Beach Mermen : RHP Steve Sanders
Batting: RHB Ethan Stanford 0-0: Ball
1-0: Called Strike
1-1: Foul Ball, location: 2F
1-2: Reached on error, E5 (Groundball, 15S)
Batting: RHB Joe Smith 0-0: Ball
1-0: Called Strike
1-1: Called Strike
1-2: Ball
2-2: Ball
3-2: Strikes out swinging
Batting: RHB Thomas Campbell 0-0: Called Strike
0-1: Called Strike
0-2: Strikes out looking
Batting: RHB Jason Duncan 0-0: Called Strike
0-1: Foul Ball, location: 2F
0-2: Ball
1-2: Strikes out swinging
Top of the 3rd over - 0 run(s), 0 hit(s), 1 error(s), 1 left on base; Atlantic City 1 - Myrtle Beach 0
BOTTOM OF THE 3RD
Myrtle Beach Mermen batting - Pitching for Atlantic City Sonics : RHP Pedro Cervantes
Batting: RHB Ángelo Saldaña 0-0: Ball
1-0: Called Strike
1-1: Ground out 4-3 (Groundball, 4)
Batting: RHB Edward Payne 0-0: Foul Ball, location: 2F
0-1: Ball
1-1: Fly out, F9 (Flyball, 89D)
Batting: RHB José Caballero 0-0: Called Strike
0-1: Foul Ball, location: 2F
0-2: Strikes out looking
Bottom of the 3rd over - 0 run(s), 0 hit(s), 0 error(s), 0 left on base; Atlantic City 1 - Myrtle Beach 0
TOP OF THE 4TH
Atlantic City Sonics batting - Pitching for Myrtle Beach Mermen : RHP Steve Sanders
Batting: RHB Chris Henderson 0-0: Bunted foul
0-1: Ball
1-1: Swinging Strike
1-2: SINGLE (Groundball, 3L)
Batting: RHB Bob Ethridge 0-0: Ball
1-0: Ball
2-0: Foul Ball, location: 2F
2-1: Ball
3-1: Base on Balls
Chris Henderson to second
Batting: RHB Marty Hayden 0-0: Called Strike
0-1: Swinging Strike
0-2: Strikes out swinging
Batting: RHB Robbie Chambers 0-0: Ball
1-0: Ball
2-0: Ball
3-0: Called Strike
3-1: SINGLE (Line Drive, 6)
Chris Henderson to third
Bob Ethridge to second
Runner from 3rd tries for Home, SAFE, no throw or cutoff
Batting: RHB Michael Bucknell 0-0: Ball
Throwing error on steal attempt, E2
Bob Ethridge scores
Robbie Chambers to third
1-0: Called Strike
1-1: Swinging Strike
1-2: Strikes out swinging
Batting: RHB Ethan Stanford 0-0: Foul Ball, location: 2F
0-1: Ground out 6-3 (Groundball, 6M)
Top of the 4th over - 2 run(s), 2 hit(s), 1 error(s), 1 left on base; Atlantic City 3 - Myrtle Beach 0
BOTTOM OF THE 4TH
Myrtle Beach Mermen batting - Pitching for Atlantic City Sonics : RHP Pedro Cervantes
Batting: RHB Mike Fleming 0-0: Called Strike
0-1: Called Strike
0-2: Fly out, F2 (Popup, 2RF)
Batting: RHB Álex Rodríguez 0-0: Ground out 5-3 (Groundball, 56)
Batting: RHB Sal Haynes 0-0: Ball
1-0: Foul Ball, location: 2F
1-1: Foul Ball, location: 2F
1-2: Strikes out swinging
Bottom of the 4th over - 0 run(s), 0 hit(s), 0 error(s), 0 left on base; Atlantic City 3 - Myrtle Beach 0
TOP OF THE 5TH
Atlantic City Sonics batting - Pitching for Myrtle Beach Mermen : RHP Steve Sanders
Batting: RHB Joe Smith 0-0: Called Strike
0-1: Hit by Pitch
Batting: RHB Thomas Campbell 0-0: Ball
1-0: Foul Ball, location: 2F
1-1: Foul Ball, location: 2F
1-2: 2-RUN HOME RUN (Flyball, 78XD), Distance : 395 ft
Batting: RHB Jason Duncan 0-0: Ball
1-0: Called Strike
1-1: Foul Ball, location: 2F
1-2: Ground out 6-3 (Groundball, 6)
Batting: RHB Chris Henderson 0-0: Foul Ball, location: 2F
0-1: Called Strike
0-2: Strikes out looking
Batting: RHB Bob Ethridge 0-0: Called Strike
0-1: Called Strike
0-2: Ball
1-2: Strikes out swinging
Top of the 5th over - 2 run(s), 1 hit(s), 0 error(s), 0 left on base; Atlantic City 5 - Myrtle Beach 0
BOTTOM OF THE 5TH
Myrtle Beach Mermen batting - Pitching for Atlantic City Sonics : RHP Pedro Cervantes
Batting: SHB Avery Little 0-0: Fly out, F8 (Flyball, 8LM)
Batting: RHB Jeff Minter 0-0: Called Strike
0-1: Ball
1-1: Foul Ball, location: 2F
1-2: Foul Ball, location: 2F
1-2: Foul Ball, location: 2F
1-2: Strikes out swinging
Batting: LHB Eddie Flynn 0-0: Swinging Strike
0-1: Swinging Strike
0-2: SINGLE (Line Drive, 89S)
Batting: RHB Ángelo Saldaña 0-0: Called Strike
0-1: Ball
1-1: Foul Ball, location: 2F
1-2: Ball
2-2: Ground out 5-3 (Groundball, 56)
Bottom of the 5th over - 0 run(s), 1 hit(s), 0 error(s), 1 left on base; Atlantic City 5 - Myrtle Beach 0
TOP OF THE 6TH
Atlantic City Sonics batting - Pitching for Myrtle Beach Mermen : RHP Steve Sanders
Batting: RHB Marty Hayden 0-0: Ball
1-0: Called Strike
1-1: Ball
2-1: Called Strike
2-2: Fly out, F7 (Flyball, 78M)
Batting: RHB Robbie Chambers 0-0: Ball
1-0: Called Strike
1-1: Foul Ball, location: 2F
1-2: Strikes out swinging
Batting: RHB Michael Bucknell 0-0: Ball
1-0: Ball
2-0: SINGLE (Line Drive, 56D)
Pitching: RHP Andrés Ventura
Batting: RHB Ethan Stanford 0-0: Called Strike
Michael Bucknell is caught stealing 2nd base
Top of the 6th over - 0 run(s), 1 hit(s), 0 error(s), 0 left on base; Atlantic City 5 - Myrtle Beach 0
BOTTOM OF THE 6TH
Myrtle Beach Mermen batting - Pitching for Atlantic City Sonics : RHP Pedro Cervantes
Batting: RHB Edward Payne 0-0: Called Strike
0-1: Foul Ball, location: 2F
0-2: Foul Ball, location: 2F
0-2: Foul Ball, location: 2F
0-2: SINGLE (Groundball, 4M)
Batting: RHB José Caballero 0-0: Ball
1-0: Foul Ball, location: 2F
1-1: Ball
2-1: Called Strike
2-2: Grounds into double play, 4-6-3 (Groundball, 4)
Batting: RHB Mike Fleming 0-0: Swinging Strike
0-1: Called Strike
0-2: Ball
1-2: Ball
2-2: Ground out 4-3 (Groundball, 4)
Bottom of the 6th over - 0 run(s), 1 hit(s), 0 error(s), 0 left on base; Atlantic City 5 - Myrtle Beach 0
TOP OF THE 7TH
Atlantic City Sonics batting - Pitching for Myrtle Beach Mermen : RHP Andrés Ventura
Batting: RHB Ethan Stanford 0-0: Ball
1-0: Ball
2-0: Foul Ball, location: 2F
2-1: Foul Ball, location: 2F
2-2: Fly out, F7 (Flyball, 7LM)
Batting: RHB Joe Smith 0-0: Ball
1-0: Foul Ball, location: 2F
1-1: Ball
2-1: Ground out 6-3 (Groundball, 6)
Batting: RHB Thomas Campbell 0-0: Called Strike
0-1: Ball
1-1: Ball
2-1: Ball
3-1: Called Strike
3-2: SINGLE (Groundball, 56D)
Batting: RHB Jason Duncan 0-0: Ball
1-0: Called Strike
1-1: Called Strike
1-2: Ball
Wild Pitch!
Thomas Campbell to second
2-2: Ball
3-2: 2-RUN HOME RUN (Flyball, 78XD), Distance : 397 ft
Batting: RHB Chris Henderson 0-0: Swinging Strike
0-1: Ball
1-1: Foul Ball, location: 2F
1-2: Ball
2-2: Foul Ball, location: 2F
2-2: DOUBLE (Groundball, 3L)
Batting: RHB Bob Ethridge 0-0: Called Strike
0-1: Ball
1-1: Ball
2-1: Ball
3-1: SINGLE (Line Drive, 9LS)
Chris Henderson to third
Runner from 3rd tries for Home, SAFE, no throw or cutoff
Pitching: RHP Manuel Carrión
Batting: RHB Marty Hayden 0-0: Called Strike
0-1: Called Strike
Bob Ethridge steals 2nd base
0-2: Fly out, F8 (Flyball, 8RM)
Top of the 7th over - 3 run(s), 4 hit(s), 0 error(s), 1 left on base; Atlantic City 8 - Myrtle Beach 0
BOTTOM OF THE 7TH
Myrtle Beach Mermen batting - Pitching for Atlantic City Sonics : RHP Pedro Cervantes
Now at C: Steven Johnson
Batting: RHB Álex Rodríguez 0-0: Called Strike
0-1: Foul Ball, location: 2F
0-2: Strikes out looking
Batting: RHB Sal Haynes 0-0: Swinging Strike
0-1: Ground out 4-3 (Groundball, 34)
Batting: SHB Avery Little 0-0: Ball
1-0: Foul Ball, location: 2F
1-1: Ball
2-1: Foul Ball, location: 2F
2-2: Strikes out swinging
Bottom of the 7th over - 0 run(s), 0 hit(s), 0 error(s), 0 left on base; Atlantic City 8 - Myrtle Beach 0
TOP OF THE 8TH
Atlantic City Sonics batting - Pitching for Myrtle Beach Mermen : RHP Manuel Carrión
Batting: RHB Robbie Chambers 0-0: Ball
1-0: Ball
2-0: Ball
3-0: Base on Balls
Batting: RHB Michael Bucknell 0-0: Swinging Strike
0-1: Ball
1-1: 2-RUN HOME RUN (Flyball, 7D), Distance : 362 ft
Pinch Hitting: SHB Jim Unknown 0-0: Called Strike
0-1: Ball
1-1: Ball
2-1: Swinging Strike
2-2: Foul Ball, location: 2F
2-2: Fly out, F7 (Flyball, 7S)
Batting: LHB Steven Johnson 0-0: Foul Ball, location: 2F
0-1: SINGLE (Line Drive, 9S)
Batting: RHB Thomas Campbell 0-0: Swinging Strike
0-1: Ball
1-1: Swinging Strike
1-2: Strikes out swinging
Batting: RHB Jason Duncan 0-0: Ball
1-0: Ball
2-0: Called Strike
2-1: Foul Ball, location: 2F
2-2: Fly out, F7 (Flyball, 7M)
Top of the 8th over - 2 run(s), 2 hit(s), 0 error(s), 1 left on base; Atlantic City 10 - Myrtle Beach 0
BOTTOM OF THE 8TH
Myrtle Beach Mermen batting - Pitching for Atlantic City Sonics : RHP Pedro Cervantes
Now in LF: Jim Unknown
Batting: RHB Jeff Minter 0-0: SINGLE (Popup, 6D)
Batting: LHB Eddie Flynn 0-0: Called Strike
0-1: Swinging Strike
0-2: Strikes out looking
Batting: RHB Ángelo Saldaña 0-0: Ball
1-0: Fly out, F7 (Flyball, 7M)
Batting: RHB Edward Payne 0-0: Fly out, F8 (Flyball, 8LS)
Bottom of the 8th over - 0 run(s), 1 hit(s), 0 error(s), 1 left on base; Atlantic City 10 - Myrtle Beach 0
TOP OF THE 9TH
Atlantic City Sonics batting - Pitching for Myrtle Beach Mermen : RHP Manuel Carrión
Batting: RHB Chris Henderson 0-0: Called Strike
0-1: Ball
1-1: Foul Ball, location: 2F
1-2: Ground out 6-3 (Groundball, 6)
Batting: RHB Bob Ethridge 0-0: Ball
1-0: Ball
2-0: Foul Ball, location: 2F
2-1: Swinging Strike
2-2: Ball
3-2: Foul Ball, location: 2F
3-2: Foul Ball, location: 2F
3-2: Foul Ball, location: 2F
3-2: Base on Balls
Batting: RHB Marty Hayden 0-0: Called Strike
Bob Ethridge is caught stealing 2nd base
0-1: Ball
1-1: Ground out 6-3 (Groundball, 6)
Top of the 9th over - 0 run(s), 0 hit(s), 0 error(s), 0 left on base; Atlantic City 10 - Myrtle Beach 0
BOTTOM OF THE 9TH
Myrtle Beach Mermen batting - Pitching for Atlantic City Sonics : RHP Pedro Cervantes
Batting: RHB José Caballero 0-0: Ground out 5-3 (Groundball, 5)
Batting: RHB Mike Fleming 0-0: Ball
1-0: Ground out 4-3 (Groundball, 4)
Batting: RHB Álex Rodríguez 0-0: Called Strike
0-1: Swinging Strike
0-2: Ball
1-2: Foul Ball, location: 2F
1-2: Ball
2-2: Strikes out swinging
Bottom of the 9th over - 0 run(s), 0 hit(s), 0 error(s), 0 left on base; Atlantic City 10 - Myrtle Beach 0
This league is powered by Out of the Park Baseball, the baseball management simulation game for PC, Mac and Linux
Monday, May 4th, 2015 - OOTP Baseball 15.6 Build 34